Monarchs vs Wiprows
(R1)
Created - 17 septembre 2014 at 23:12
Simulating a Pre-Season
Goals
|
Monarchs |
3 |
2 |
1 |
6 |
Wiprows |
1 |
1 |
2 |
4 |
|
Shots
|
Monarchs |
14 |
11 |
10 |
35 |
Wiprows |
8 |
15 |
16 |
39 |
|
1st period
1. Monarchs , Maxime Macenauer 1 (Alex Chiasson, Kyle Wharton) at 6:37
2. Monarchs , Hnat Domenichelli 3 (Matt Duchene, Brian Gionta) at 7:34 (PP)
3. Monarchs , Brian Gionta 6 (Matt Duchene) at 7:53
4. Wiprows , Matt Frattin 2 (Jesse Winchester, Jiri Tlusty) at 13:47
Penalties :
Jesse Winchester (Win) for Hooking (Minor) at 6:49, Brian Pothier (MAN) for Interference (Minor) at 16:22
2nd period
5. Monarchs , Brian Gionta 7 (Matt Duchene) at 0:04
6. Wiprows , Linden Vey 1 (Jesse Winchester, Thomas Hickey) at 13:46 (PP)
7. Monarchs , Brian Gionta 8 (Matt Duchene, Justin Schultz) at 17:32 (PP)
Penalties :
Hnat Domenichelli (MAN) for Tripping (Minor) at 7:17, Matt Duchene (MAN) for Holding (Minor) at 13:29, Jordan Szwarz (Win) for Holding (Minor) at 17:23, Brandon Bollig (Win) for Slashing (Minor) at 18:05
3rd period
8. Wiprows , Jiri Tlusty 4 (Jesse Winchester) at 2:20 (PP)
9. Wiprows , Joshua Bailey 2 (Pavel Brendl, Arturs Kulda) at 7:37
10. Monarchs , Brian Gionta 9 (Hnat Domenichelli, Brian Pothier) at 19:29 (Empty Net)
Penalties :
Brayden Schenn (MAN) for Slashing (Minor) at 2:12, Matt Frattin (Win) for Hooking (Minor) at 7:55, David Clarkson (MAN) for Hooking (Minor) at 11:16, Hnat Domenichelli (MAN) for Tripping (Minor) at 11:20, Frederic St-Denis (MAN) for Hooking (Minor) at 14:06, Jordan Szwarz (Win) for Holding (Minor) at 16:27, Justin Schultz (MAN) for Interference (Minor) at 16:31
Goalie Stats
Peter Budaj (MAN), 35 saves from 39 shots - (0,897), W, 2-2-0, 60:00 minutes
Al Montoya (Win), 13 saves from 13 shots - (1,000), 21:33 minutes
Thomas McCollum (Win), 16 saves from 21 shots - (0,762), L, 1-1-0, 37:32 minutes
Players Stats for Monarchs
Player Name G A P +/- PIM S H SB GA TA FO MP PP MP PK MP
------------------------------------------------------------------------------------
Alec Martinez 0 0 0 1 0 2 0 2 0 0 0/0 19:15 1:21 3:19
Alex Chiasson 0 1 1 0 0 1 0 0 0 0 0/0 6:33 0:00 0:00
Brayden Schenn 0 0 0 0 2 0 2 0 0 0 7/16 16:01 1:43 2:12
Brian Gionta 4 1 5 2 0 6 1 1 1 0 1/2 23:04 3:13 3:26
Brian Pothier 0 1 1 0 2 2 1 4 4 2 0/0 29:54 3:35 3:59
Brock Trotter 0 0 0 0 0 4 0 0 1 0 1/1 15:35 1:43 1:58
David Clarkson 0 0 0 0 2 2 1 1 1 1 0/1 15:37 1:43 1:04
Dwight King 0 0 0 0 0 0 2 0 0 0 0/0 10:35 0:00 0:06
Frederic St-Denis 0 0 0 1 2 1 1 0 0 0 0/0 10:36 0:00 0:50
Hnat Domenichelli 1 1 2 2 4 4 1 0 0 1 4/11 22:32 3:13 2:24
John Moore 0 0 0 1 0 1 1 1 0 1 0/0 19:15 1:21 3:19
Justin Schultz 0 1 1 0 2 3 1 5 0 1 0/0 26:46 3:34 5:06
Kyle Wharton 0 1 1 1 0 0 2 3 0 2 0/0 10:56 0:00 0:04
Marc-André Bernier 0 0 0 0 0 1 0 0 2 1 0/0 10:29 0:00 0:00
Matt Duchene 0 4 4 2 2 3 4 0 0 0 22/38 20:45 3:13 1:35
Matt Martin 0 0 0 0 0 0 3 0 1 0 1/2 9:07 0:00 2:17
Maxime Macenauer 1 0 1 0 0 3 0 0 0 0 4/6 6:33 0:00 0:00
Slava Voynov 0 0 0 0 0 0 0 0 0 0 0/0 3:52 0:00 0:21
Tommy Wingels 0 0 0 0 0 2 0 0 0 1 3/7 10:08 0:00 0:00
Players Stats for Wiprows
Player Name G A P +/- PIM S H SB GA TA FO MP PP MP PK MP
------------------------------------------------------------------------------------
Arturs Kulda 0 1 1 0 0 0 0 3 0 1 0/0 19:28 0:00 2:40
Brandon Bollig 0 0 0 -1 2 0 0 0 0 0 0/1 13:10 0:13 0:00
Dana Tyrell 0 0 0 -1 0 1 1 1 0 1 0/5 9:30 0:17 1:36
Drayson Bowman 0 0 0 1 0 0 1 0 0 0 1/1 15:03 3:45 1:01
Gord Baldwin 0 0 0 -1 0 1 0 0 0 1 0/0 13:21 0:03 2:16
Jesse Winchester 0 3 3 -1 2 8 4 0 0 2 21/40 21:03 4:31 0:48
Jiri Tlusty 1 1 2 -1 0 3 3 0 3 0 2/3 20:49 4:31 0:17
Jonathan Tremblay 0 0 0 -1 0 1 1 0 1 0 1/1 8:49 0:00 2:07
Jordan Szwarz 0 0 0 -1 4 0 1 0 0 1 0/0 7:52 0:16 0:00
Joshua Bailey 1 0 1 1 0 2 0 0 0 1 5/14 13:05 0:00 2:32
Kevin Connauton 0 0 0 0 0 1 5 2 0 0 0/0 20:37 3:11 0:00
Linden Vey 1 0 1 -2 0 2 3 0 1 0 0/0 17:49 4:32 0:00
Matt Frattin 1 0 1 0 2 7 1 1 0 0 2/2 19:50 3:41 1:31
Matt Irwin 0 0 0 -1 0 3 3 0 3 0 0/0 23:08 3:12 2:16
Matt Taormina 0 0 0 -1 0 4 2 1 1 0 0/0 27:16 5:18 2:40
Nick Bonino 0 0 0 -1 0 1 2 0 1 1 9/17 16:21 3:41 0:00
Pavel Brendl 0 1 1 1 0 4 0 0 0 1 0/0 9:43 0:00 0:00
Thomas Hickey 0 1 1 -1 0 1 2 0 0 1 0/0 16:10 5:14 0:00
3 Stars
1 - Brian Gionta (MAN)
2 - Matt Duchene (MAN)
3 - Jiri Tlusty (Win)
Power Play
Monarchs - 2 on 5 Attempt(s) - 40,00%
Wiprows - 2 on 8 Attempt(s) - 25,00%
Penalty Kill
Monarchs - 6 on 8 Attempt(s) - 75,00%
- Score 0 goal in Penalty Kill
Wiprows - 3 on 5 Attempt(s) - 60,00%
- Score 0 goal in Penalty Kill
Official
Referees : Rehman Kyle and Joannette Marc
Linesman : Mike Cvik and Tony Sericolo
Game Notes
Brian Gionta has scored a Hat Trick!
Al Montoya enters game at 17:32 of 2nd period
Brian Gionta has scored in a empty net!
Monarchs
5 vs 5 Forward
Center Left Wing Right Wing Time % Phy DF OF
1 Matt Duchene Hnat Domenichelli Brian Gionta 40 1 2 2
2 Brayden Schenn Brock Trotter David Clarkson 30 1 2 2
3 Tommy Wingels Dwight King Marc-André Bernier 20 1 2 2
4 Maxime Macenauer Matt Martin Alex Chiasson 10 1 2 2
5 vs 5 Defense
Defense Defense Time % Phy DF OF
1 Brian Pothier Justin Schultz 40 1 2 2
2 Alec Martinez John Moore 30 1 2 2
3 Kyle Wharton Frederic St-Denis 20 1 2 2
4 Slava Voynov Brian Pothier 10 1 2 2
PowerPlay Forward
Center Left Wing Right Wing Time % Phy DF OF
1 Matt Duchene Hnat Domenichelli Brian Gionta 60 1 2 2
2 Brayden Schenn Brock Trotter David Clarkson 40 1 2 2
PowerPlay Defense
Defense Defense Time % Phy DF OF
1 Brian Pothier Justin Schultz 60 1 2 2
2 Alec Martinez John Moore 40 1 2 2
Penalty Kill 4 Players Forward
Center Wing Time % Phy DF OF
1 Hnat Domenichelli Brian Gionta 60 1 2 2
2 Matt Duchene David Clarkson 40 1 2 2
Penalty Kill 4 Players Defense
Defense Defense Time % Phy DF OF
1 Brian Pothier Justin Schultz 60 1 2 2
2 Alec Martinez John Moore 40 1 2 2
Penalty Kill - 3 Players Forward
Forward Time % Phy DF OF
1 Hnat Domenichelli 60 1 2 2
2 Brian Gionta 40 1 2 2
Penalty Kill - 3 Players Defense
Defense Defense Time % Phy DF OF
1 Brian Pothier Justin Schultz 60 1 2 2
2 Alec Martinez John Moore 40 1 2 2
4 vs 4 Forward
Center Wing Time % Phy DF OF
1 Hnat Domenichelli Brian Gionta 60 1 2 2
2 Matt Duchene David Clarkson 40 1 2 2
4 vs 4 Defense
Defense Defense Time % Phy DF OF
1 Brian Pothier Justin Schultz 60 1 2 2
2 Alec Martinez John Moore 40 1 2 2
Last Minutes Offensive
Center Left Wing Right Wing Defense Defense
Matt Duchene Hnat Domenichelli Brian Gionta Brian Pothier Justin Schultz
Last Minutes Defensive
Center Left Wing Right Wing Defense Defense
Matt Duchene Hnat Domenichelli Brian Gionta Brian Pothier Justin Schultz
Goaltenders
Starting : Peter Budaj
Backup : Sergei Bobrovsky
Extra Forwards
Normal : Marc-André Bernier, Dwight King, Matt Martin - PP : Marc-André Bernier, Dwight King - PK : Matt Martin
Extra Defensemen
Normal : Kyle Wharton, Frederic St-Denis, Slava Voynov - PP : Kyle Wharton - PK : Frederic St-Denis, Slava Voynov
Penalty Shots
Hnat Domenichelli, Brian Gionta, Matt Duchene, David Clarkson, Brock Trotter
Wiprows
5 vs 5 Forward
Center Left Wing Right Wing Time % Phy DF OF
1 Jesse Winchester Jiri Tlusty Matt Frattin 36 1 0 4
2 Nick Bonino Brandon Bollig Linden Vey 30 1 1 3
3 Joshua Bailey Drayson Bowman Pavel Brendl 22 1 1 3
4 Dana Tyrell Jonathan Tremblay Jordan Szwarz 12 3 1 1
5 vs 5 Defense
Defense Defense Time % Phy DF OF
1 Matt Taormina Kevin Connauton 37 1 1 3
2 Matt Irwin Arturs Kulda 35 1 2 2
3 Thomas Hickey Gord Baldwin 25 2 2 1
4 Matt Irwin Matt Taormina 3 1 1 3
PowerPlay Forward
Center Left Wing Right Wing Time % Phy DF OF
1 Jesse Winchester Jiri Tlusty Linden Vey 55 1 0 4
2 Nick Bonino Drayson Bowman Matt Frattin 45 1 0 4
PowerPlay Defense
Defense Defense Time % Phy DF OF
1 Matt Taormina Thomas Hickey 55 0 1 4
2 Kevin Connauton Matt Irwin 45 0 1 4
Penalty Kill 4 Players Forward
Center Wing Time % Phy DF OF
1 Joshua Bailey Matt Frattin 53 1 3 1
2 Dana Tyrell Jonathan Tremblay 47 1 3 1
Penalty Kill 4 Players Defense
Defense Defense Time % Phy DF OF
1 Arturs Kulda Matt Taormina 53 1 4 0
2 Gord Baldwin Matt Irwin 47 1 4 0
Penalty Kill - 3 Players Forward
Forward Time % Phy DF OF
1 Jesse Winchester 55 0 5 0
2 Nick Bonino 45 0 5 0
Penalty Kill - 3 Players Defense
Defense Defense Time % Phy DF OF
1 Matt Taormina Arturs Kulda 60 1 4 0
2 Gord Baldwin Matt Irwin 40 1 4 0
4 vs 4 Forward
Center Wing Time % Phy DF OF
1 Jesse Winchester Jiri Tlusty 54 1 2 2
2 Nick Bonino Linden Vey 46 1 2 2
4 vs 4 Defense
Defense Defense Time % Phy DF OF
1 Matt Taormina Matt Irwin 60 1 2 2
2 Kevin Connauton Thomas Hickey 40 1 2 2
Last Minutes Offensive
Center Left Wing Right Wing Defense Defense
Jesse Winchester Jiri Tlusty Linden Vey Matt Irwin Matt Taormina
Last Minutes Defensive
Center Left Wing Right Wing Defense Defense
Dana Tyrell Arturs Kulda Jonathan Tremblay Matt Irwin Thomas Hickey
Goaltenders
Starting : Thomas McCollum
Backup : Al Montoya
Extra Forwards
Normal : Jesse Winchester, Nick Bonino, Jiri Tlusty - PP : Jesse Winchester, Jiri Tlusty - PK : Jonathan Tremblay
Extra Defensemen
Normal : Matt Taormina, Matt Irwin, Arturs Kulda - PP : Kevin Connauton - PK : Arturs Kulda, Thomas Hickey
Penalty Shots
Jesse Winchester, Jiri Tlusty, Pavel Brendl, Drayson Bowman, Linden Vey
% Time on Ice - Monarchs
Lines # - Real PCT - Wanted PCT - Time Play
Normal Forward
1 - 35% - 40% - 15:20
2 - 27% - 30% - 12:01
3 - 23% - 20% - 10:08
4 - 15% - 10% - 6:33
Normal Defense
1 - 40% - 40% - 17:28
2 - 32% - 30% - 14:04
3 - 22% - 20% - 9:31
4 - 7% - 10% - 2:59
PP Forward
1 - 65% - 60% - 3:13
2 - 35% - 40% - 1:43
PP Defense
1 - 73% - 60% - 3:35
2 - 27% - 40% - 1:21
PK Forward
1 - 85% - 60% - 5:34
2 - 15% - 40% - 1:00
PK Defense
1 - 61% - 60% - 4:01
2 - 39% - 40% - 2:33
PK3 Forward
1 - 100% - 60% - 1:55
2 - 0% - 40% - 0:00
PK3 Defense
1 - 60% - 60% - 1:09
2 - 40% - 40% - 0:46
44 Forward
1 - 83% - 60% - 1:35
2 - 17% - 40% - 0:20
44 Defense
1 - 73% - 60% - 1:24
2 - 27% - 40% - 0:31
Last Minute Offensive - 0:00
Last Minute Defensive - 0:38
Total
Forward - 60:00
Defense - 60:00
|
% Time on Ice - Wiprows
Lines # - Real PCT - Wanted PCT - Time Play
Normal Forward
1 - 35% - 36% - 15:14
2 - 28% - 30% - 12:23
3 - 22% - 22% - 9:43
4 - 15% - 12% - 6:42
Normal Defense
1 - 39% - 37% - 17:00
2 - 37% - 35% - 16:06
3 - 23% - 25% - 10:08
4 - 2% - 3% - 0:48
PP Forward
1 - 57% - 55% - 4:48
2 - 43% - 45% - 3:41
PP Defense
1 - 62% - 55% - 5:18
2 - 38% - 45% - 3:11
PK Forward
1 - 68% - 53% - 3:20
2 - 32% - 47% - 1:36
PK Defense
1 - 54% - 53% - 2:40
2 - 46% - 47% - 2:16
PK3 Forward
1 - 0% - 55%
2 - 0% - 45%
PK3 Defense
1 - 0% - 60%
2 - 0% - 40%
44 Forward
1 - 68% - 54% - 1:18
2 - 32% - 46% - 0:37
44 Defense
1 - 45% - 60% - 0:52
2 - 55% - 40% - 1:03
Last Minute Offensive - 0:38
Last Minute Defensive - 0:00
Total
Forward - 60:00
Defense - 60:00
|
Play by Play
1st period
0:01 of 1st period - Jesse Winchester wins face-off versus Hnat Domenichelli in neutral zone.
0:04 of 1st period - Snap shot by Jiri Tlusty.
0:04 of 1st period - Shot Misses the Net.
0:06 of 1st period - Slapshot by Jiri Tlusty.
0:06 of 1st period - Shot Misses the Net.
0:08 of 1st period - Snap shot by Matt Frattin.
0:08 of 1st period - Stopped by Peter Budaj with a rebound.
0:52 of 1st period - Brian Pothier is hit by Matt Irwin.
2:06 of 1st period - Slapshot by Drayson Bowman.
2:06 of 1st period - Shot Misses the Net.
2:28 of 1st period - Wrist shot by Jiri Tlusty.
2:28 of 1st period - Deflect By Jesse Winchester.
2:28 of 1st period - Stopped by Peter Budaj with a rebound.
2:34 of 1st period - Slapshot by Maxime Macenauer.
2:34 of 1st period - Shot Misses the Net.
2:36 of 1st period - Backhand shot by Frederic St-Denis.
2:36 of 1st period - Stopped by Thomas McCollum without a rebound.
2:37 of 1st period - Matt Duchene wins face-off versus Nick Bonino in Wiprows zone.
2:52 of 1st period - Matt Duchene is hit by Kevin Connauton.
3:02 of 1st period - Brayden Schenn is hit by Jiri Tlusty and loses puck.
3:21 of 1st period - Jiri Tlusty is hit by Frederic St-Denis.
3:25 of 1st period - Wrist shot by Matt Frattin.
3:25 of 1st period - Stopped by Peter Budaj without a rebound.
3:26 of 1st period - Maxime Macenauer wins face-off versus Joshua Bailey in Monarchs zone.
3:33 of 1st period - Matt Irwin is hit by Matt Martin and loses puck.
3:53 of 1st period - Wrist shot by Maxime Macenauer.
3:53 of 1st period - Stopped by Thomas McCollum without a rebound.
3:54 of 1st period - Nick Bonino wins face-off versus Matt Duchene in Wiprows zone.
5:09 of 1st period - Hnat Domenichelli is hit by Dana Tyrell and loses puck.
5:16 of 1st period - Slapshot by Matt Taormina.
5:16 of 1st period - Shot Misses the Net.
5:18 of 1st period - Snap shot by Dana Tyrell.
5:18 of 1st period - Stopped by Peter Budaj without a rebound.
5:19 of 1st period - Matt Frattin wins face-off versus Brayden Schenn in Monarchs zone.
5:24 of 1st period - Matt Frattin is hit by Brayden Schenn and loses puck.
5:35 of 1st period - Brian Pothier is hit by Jesse Winchester and loses puck.
6:15 of 1st period - Frederic St-Denis is hit by Nick Bonino and loses puck.
6:35 of 1st period - Snap shot by Alex Chiasson.
6:35 of 1st period - Shot Misses the Net.
6:37 of 1st period - Snap shot by Maxime Macenauer.
6:37 of 1st period - Goal by Maxime Macenauer - Monarchs : 1 - Wiprows : 0.
6:38 of 1st period - Jesse Winchester wins face-off versus Matt Duchene in neutral zone.
6:49 of 1st period - Minor Penalty to Jesse Winchester for Hooking.
6:50 of 1st period - Joshua Bailey wins face-off versus Matt Duchene in Wiprows zone.
6:56 of 1st period - Matt Duchene is hit by Matt Taormina and loses puck.
7:08 of 1st period - Icing by Hnat Domenichelli.
7:09 of 1st period - Matt Duchene wins face-off versus Dana Tyrell in Monarchs zone.
7:34 of 1st period - Snap shot by Hnat Domenichelli.
7:34 of 1st period - Goal by Hnat Domenichelli - Monarchs : 2 - Wiprows : 0.
7:35 of 1st period - Matt Duchene wins face-off versus Jesse Winchester in neutral zone.
7:47 of 1st period - Snap shot by Matt Frattin.
7:47 of 1st period - Stopped by Peter Budaj without a rebound.
7:48 of 1st period - Matt Duchene wins face-off versus Nick Bonino in Monarchs zone.
7:53 of 1st period - Wrist shot by Brian Gionta.
7:53 of 1st period - Goal by Brian Gionta - Monarchs : 3 - Wiprows : 0.
7:54 of 1st period - Brayden Schenn wins face-off versus Joshua Bailey in neutral zone.
8:09 of 1st period - Slapshot by Brock Trotter.
8:09 of 1st period - Stopped by Thomas McCollum with a rebound.
8:30 of 1st period - Icing by Nick Bonino.
8:31 of 1st period - Brayden Schenn wins face-off versus Nick Bonino in Wiprows zone.
9:32 of 1st period - Wrist shot by Jesse Winchester.
9:32 of 1st period - Shot Blocked by Brian Pothier.
10:01 of 1st period - Icing by Brian Pothier.
10:02 of 1st period - Brayden Schenn wins face-off versus Dana Tyrell in Monarchs zone.
10:02 of 1st period - Brayden Schenn is hit by Thomas Hickey.
12:31 of 1st period - Icing by Arturs Kulda.
12:32 of 1st period - Nick Bonino wins face-off versus Maxime Macenauer in Wiprows zone.
12:37 of 1st period - Slapshot by Matt Martin.
12:37 of 1st period - Deflect By Matt Irwin.
12:37 of 1st period - Shot Misses the Net.
12:37 of 1st period - Puck is out of play.
12:38 of 1st period - Brian Gionta wins face-off versus Jesse Winchester in Wiprows zone.
13:14 of 1st period - Kyle Wharton is hit by Linden Vey and loses puck.
13:27 of 1st period - Slapshot by Justin Schultz.
13:27 of 1st period - Deflect By Maxime Macenauer.
13:27 of 1st period - Stopped by Thomas McCollum without a rebound.
13:28 of 1st period - Maxime Macenauer wins face-off versus Jesse Winchester in Wiprows zone.
13:31 of 1st period - Slapshot by Justin Schultz.
13:31 of 1st period - Stopped by Thomas McCollum without a rebound.
13:32 of 1st period - Maxime Macenauer wins face-off versus Jesse Winchester in Wiprows zone.
13:33 of 1st period - Slapshot by Alex Chiasson.
13:33 of 1st period - Stopped by Thomas McCollum without a rebound.
13:34 of 1st period - Jiri Tlusty wins face-off versus Maxime Macenauer in Wiprows zone.
13:47 of 1st period - Wrist shot by Matt Frattin.
13:47 of 1st period - Goal by Matt Frattin - Monarchs : 3 - Wiprows : 1.
13:48 of 1st period - Matt Duchene wins face-off versus Jesse Winchester in neutral zone.
14:42 of 1st period - Wrist shot by Dwight King.
14:42 of 1st period - Shot Blocked by Dana Tyrell.
15:08 of 1st period - Snap shot by Matt Frattin.
15:08 of 1st period - Shot Misses the Net.
15:10 of 1st period - Snap shot by Jesse Winchester.
15:10 of 1st period - Stopped by Peter Budaj with a rebound.
15:12 of 1st period - Slapshot by Gord Baldwin.
15:12 of 1st period - Stopped by Peter Budaj with a rebound.
15:30 of 1st period - Wrist shot by Matt Duchene.
15:30 of 1st period - Shot Misses the Net.
15:32 of 1st period - Snap shot by Matt Duchene.
15:32 of 1st period - Shot Misses the Net.
15:46 of 1st period - Wrist shot by David Clarkson.
15:46 of 1st period - Stopped by Thomas McCollum with a rebound.
15:48 of 1st period - Snap shot by Brayden Schenn.
15:48 of 1st period - Deflect By Brock Trotter.
15:48 of 1st period - Shot Misses the Net.
15:48 of 1st period - Puck is out of play.
15:49 of 1st period - Brayden Schenn wins face-off versus Nick Bonino in Wiprows zone.
16:04 of 1st period - Snap shot by David Clarkson.
16:04 of 1st period - Shot Misses the Net.
16:06 of 1st period - Snap shot by David Clarkson.
16:06 of 1st period - Stopped by Thomas McCollum without a rebound.
16:07 of 1st period - Jiri Tlusty wins face-off versus Matt Duchene in Wiprows zone.
16:20 of 1st period - Wrist shot by Jesse Winchester.
16:20 of 1st period - Shot Misses the Net.
16:22 of 1st period - Minor Penalty to Brian Pothier for Interference.
16:23 of 1st period - Hnat Domenichelli wins face-off versus Jesse Winchester in Monarchs zone.
17:26 of 1st period - Snap shot by Matt Duchene.
17:26 of 1st period - Shot Blocked by Kevin Connauton.
18:22 of 1st period - Penalty to Brian Pothier is over, Brian Pothier is back on ice.
18:30 of 1st period - Justin Schultz is hit by Jonathan Tremblay and loses puck.
18:39 of 1st period - Snap shot by Jonathan Tremblay.
18:39 of 1st period - Shot Misses the Net.
18:49 of 1st period - Wrist shot by David Clarkson.
18:49 of 1st period - Shot Misses the Net.
18:51 of 1st period - Slapshot by Justin Schultz.
18:51 of 1st period - Stopped by Thomas McCollum with a rebound.
18:53 of 1st period - Snap shot by Tommy Wingels.
18:53 of 1st period - Stopped by Thomas McCollum without a rebound.
18:54 of 1st period - Jonathan Tremblay wins face-off versus Tommy Wingels in Wiprows zone.
19:22 of 1st period - Snap shot by Matt Duchene.
19:22 of 1st period - Stopped by Thomas McCollum with a rebound.
19:40 of 1st period - Nick Bonino is hit by Brayden Schenn and loses puck.
19:53 of 1st period - Frederic St-Denis is hit by Matt Frattin and loses puck.
Goals for this period are 3 for Monarchs vs 1 for Wiprows.
Shots for this period are 14 for Monarchs vs 8 for Wiprows.
2nd period
0:01 of 2nd period - Matt Duchene wins face-off versus Jesse Winchester in neutral zone.
0:04 of 2nd period - Snap shot by Brian Gionta.
0:04 of 2nd period - Goal by Brian Gionta - Monarchs : 4 - Wiprows : 1.
0:05 of 2nd period - Matt Duchene wins face-off versus Jesse Winchester in neutral zone.
0:34 of 2nd period - Wrist shot by Matt Taormina.
0:34 of 2nd period - Shot Misses the Net.
0:36 of 2nd period - Slapshot by Matt Taormina.
0:36 of 2nd period - Shot Misses the Net.
0:38 of 2nd period - Slapshot by Matt Taormina.
0:38 of 2nd period - Deflect By Nick Bonino.
0:38 of 2nd period - Shot Blocked by David Clarkson.
0:38 of 2nd period - Puck is out of play.
0:39 of 2nd period - Matt Duchene wins face-off versus Nick Bonino in Monarchs zone.
1:07 of 2nd period - Slapshot by Pavel Brendl.
1:07 of 2nd period - Stopped by Peter Budaj without a rebound.
1:08 of 2nd period - Joshua Bailey wins face-off versus Brayden Schenn in Monarchs zone.
1:15 of 2nd period - Snap shot by Joshua Bailey.
1:15 of 2nd period - Deflect By Pavel Brendl.
1:15 of 2nd period - Shot Blocked by Justin Schultz.
1:15 of 2nd period - Puck is out of play.
1:16 of 2nd period - Jesse Winchester wins face-off versus Brayden Schenn in Monarchs zone.
1:17 of 2nd period - Snap shot by Matt Frattin.
1:17 of 2nd period - Deflect By Jiri Tlusty.
1:17 of 2nd period - Shot Blocked by Brian Pothier.
1:17 of 2nd period - Puck is out of play.
1:18 of 2nd period - Jesse Winchester wins face-off versus David Clarkson in Monarchs zone.
1:21 of 2nd period - Slapshot by Jiri Tlusty.
1:21 of 2nd period - Shot Misses the Net.
1:23 of 2nd period - Snap shot by Jiri Tlusty.
1:23 of 2nd period - Stopped by Peter Budaj without a rebound.
1:24 of 2nd period - Jesse Winchester wins face-off versus Matt Duchene in Monarchs zone.
1:37 of 2nd period - Matt Frattin is hit by Matt Duchene.
2:28 of 2nd period - Snap shot by Brian Pothier.
2:28 of 2nd period - Shot Blocked by Arturs Kulda.
2:30 of 2nd period - Slapshot by Justin Schultz.
2:30 of 2nd period - Stopped by Thomas McCollum with a rebound.
2:38 of 2nd period - Arturs Kulda is hit by Matt Martin and loses puck.
3:30 of 2nd period - Brock Trotter is hit by Thomas Hickey.
3:48 of 2nd period - Wrist shot by Jesse Winchester.
3:48 of 2nd period - Stopped by Peter Budaj with a rebound.
3:50 of 2nd period - Snap shot by Matt Frattin.
3:50 of 2nd period - Stopped by Peter Budaj with a rebound.
3:52 of 2nd period - Snap shot by Jiri Tlusty.
3:52 of 2nd period - Shot Blocked by Kyle Wharton.
3:59 of 2nd period - Icing by Frederic St-Denis.
4:00 of 2nd period - Maxime Macenauer wins face-off versus Dana Tyrell in Monarchs zone.
4:05 of 2nd period - Dana Tyrell is hit by Brian Gionta and loses puck.
4:26 of 2nd period - Slapshot by Kevin Connauton.
4:26 of 2nd period - Shot Hit the Post.
4:32 of 2nd period - Slapshot by Brian Pothier.
4:32 of 2nd period - Shot Misses the Net.
4:34 of 2nd period - Snap shot by Brayden Schenn.
4:34 of 2nd period - Deflect By Brock Trotter.
4:34 of 2nd period - Stopped by Thomas McCollum with a rebound.
4:50 of 2nd period - Snap shot by Nick Bonino.
4:50 of 2nd period - Shot Misses the Net.
4:52 of 2nd period - Slapshot by Nick Bonino.
4:52 of 2nd period - Stopped by Peter Budaj with a rebound.
4:54 of 2nd period - Snap shot by Matt Taormina.
4:54 of 2nd period - Stopped by Peter Budaj with a rebound.
4:56 of 2nd period - Slapshot by Kevin Connauton.
4:56 of 2nd period - Shot Blocked by Alec Martinez.
5:15 of 2nd period - Slapshot by Pavel Brendl.
5:15 of 2nd period - Stopped by Peter Budaj without a rebound.
5:16 of 2nd period - Jesse Winchester wins face-off versus Matt Duchene in Monarchs zone.
5:17 of 2nd period - Slapshot by Matt Irwin.
5:17 of 2nd period - Stopped by Peter Budaj with a rebound.
5:29 of 2nd period - Jiri Tlusty is hit by Brian Pothier and loses puck.
6:33 of 2nd period - Wrist shot by Pavel Brendl.
6:33 of 2nd period - Stopped by Peter Budaj without a rebound.
6:34 of 2nd period - Tommy Wingels wins face-off versus Joshua Bailey in Monarchs zone.
7:00 of 2nd period - Matt Duchene is hit by Linden Vey and loses puck.
7:05 of 2nd period - Slapshot by Nick Bonino.
7:05 of 2nd period - Shot Misses the Net.
7:09 of 2nd period - Slapshot by Matt Irwin.
7:09 of 2nd period - Shot Misses the Net.
7:17 of 2nd period - Minor Penalty to Hnat Domenichelli for Tripping.
7:18 of 2nd period - Matt Martin wins face-off versus Jesse Winchester in Monarchs zone.
7:18 of 2nd period - Matt Martin is hit by Jiri Tlusty.
9:13 of 2nd period - Brian Pothier is hit by Jesse Winchester and loses puck.
9:17 of 2nd period - Penalty to Hnat Domenichelli is over, Hnat Domenichelli is back on ice.
9:30 of 2nd period - Kyle Wharton is hit by Kevin Connauton and loses puck.
10:11 of 2nd period - John Moore is hit by Jordan Szwarz and loses puck.
10:22 of 2nd period - Pavel Brendl is hit by Dwight King.
11:04 of 2nd period - Gord Baldwin is hit by Kyle Wharton and loses puck.
11:22 of 2nd period - Icing by Gord Baldwin.
11:23 of 2nd period - Matt Duchene wins face-off versus Joshua Bailey in Wiprows zone.
12:27 of 2nd period - Frederic St-Denis is hit by Kevin Connauton and loses puck.
12:51 of 2nd period - Slapshot by Joshua Bailey.
12:51 of 2nd period - Stopped by Peter Budaj with a rebound.
13:05 of 2nd period - Wrist shot by Tommy Wingels.
13:05 of 2nd period - Stopped by Thomas McCollum without a rebound.
13:06 of 2nd period - Jesse Winchester wins face-off versus Tommy Wingels in Wiprows zone.
13:11 of 2nd period - Slapshot by Justin Schultz.
13:11 of 2nd period - Shot Blocked by Matt Frattin.
13:13 of 2nd period - Wrist shot by Marc-André Bernier.
13:13 of 2nd period - Stopped by Thomas McCollum without a rebound.
13:14 of 2nd period - Matt Frattin wins face-off versus Matt Duchene in Wiprows zone.
13:22 of 2nd period - Off-side.
13:23 of 2nd period - Jesse Winchester wins face-off versus Matt Duchene in neutral zone.
13:29 of 2nd period - Minor Penalty to Matt Duchene for Holding.
13:30 of 2nd period - Jesse Winchester wins face-off versus Hnat Domenichelli in Monarchs zone.
13:40 of 2nd period - Snap shot by Jesse Winchester.
13:40 of 2nd period - Shot Misses the Net.
13:42 of 2nd period - Snap shot by Jesse Winchester.
13:42 of 2nd period - Shot Misses the Net.
13:44 of 2nd period - Wrist shot by Linden Vey.
13:44 of 2nd period - Shot Blocked by Brian Pothier.
13:46 of 2nd period - Slapshot by Linden Vey.
13:46 of 2nd period - Goal by Linden Vey - Monarchs : 4 - Wiprows : 2.
13:47 of 2nd period - Jesse Winchester wins face-off versus Matt Duchene in neutral zone.
13:52 of 2nd period - Snap shot by Jiri Tlusty.
13:52 of 2nd period - Shot Blocked by Justin Schultz.
13:54 of 2nd period - Wrist shot by Matt Frattin.
13:54 of 2nd period - Shot Blocked by Brian Gionta.
14:02 of 2nd period - Snap shot by Jesse Winchester.
14:02 of 2nd period - Stopped by Peter Budaj without a rebound.
14:03 of 2nd period - Nick Bonino wins face-off versus Brayden Schenn in Monarchs zone.
14:04 of 2nd period - Wrist shot by Matt Taormina.
14:04 of 2nd period - Shot Misses the Net.
14:30 of 2nd period - Jesse Winchester is hit by Matt Duchene.
14:36 of 2nd period - Slapshot by Kevin Connauton.
14:36 of 2nd period - Stopped by Peter Budaj without a rebound.
14:37 of 2nd period - Jesse Winchester wins face-off versus Brayden Schenn in Monarchs zone.
14:38 of 2nd period - Snap shot by Jiri Tlusty.
14:38 of 2nd period - Stopped by Peter Budaj with a rebound.
14:59 of 2nd period - Icing by David Clarkson.
15:00 of 2nd period - Nick Bonino wins face-off versus Brayden Schenn in Monarchs zone.
15:00 of 2nd period - Nick Bonino is hit by John Moore.
15:12 of 2nd period - Snap shot by David Clarkson.
15:12 of 2nd period - Shot Misses the Net.
15:14 of 2nd period - Slapshot by John Moore.
15:14 of 2nd period - Stopped by Thomas McCollum without a rebound.
15:15 of 2nd period - Matt Duchene wins face-off versus Jesse Winchester in Wiprows zone.
15:22 of 2nd period - Matt Frattin is hit by Matt Duchene and loses puck.
15:41 of 2nd period - Justin Schultz is hit by Kevin Connauton and loses puck.
15:48 of 2nd period - Snap shot by Brandon Bollig.
15:48 of 2nd period - Shot Blocked by Justin Schultz.
15:50 of 2nd period - Slapshot by Matt Taormina.
15:50 of 2nd period - Deflect By Linden Vey.
15:50 of 2nd period - Stopped by Peter Budaj with a rebound.
16:13 of 2nd period - Off-side.
16:14 of 2nd period - Matt Duchene wins face-off versus Jesse Winchester in neutral zone.
16:41 of 2nd period - Brandon Bollig is hit by David Clarkson and loses puck.
17:23 of 2nd period - Minor Penalty to Jordan Szwarz for Holding.
17:24 of 2nd period - Joshua Bailey wins face-off versus Matt Duchene in Wiprows zone.
17:32 of 2nd period - Wrist shot by Brian Gionta.
17:32 of 2nd period - Goal by Brian Gionta - Monarchs : 5 - Wiprows : 2.
17:32 of 2nd period - Al Montoya enters game.
17:33 of 2nd period - Matt Duchene wins face-off versus Jesse Winchester in neutral zone.
17:36 of 2nd period - Slapshot by Brian Pothier.
17:36 of 2nd period - Deflect By Brian Gionta.
17:36 of 2nd period - Stopped by Al Montoya without a rebound.
17:37 of 2nd period - Jesse Winchester wins face-off versus Matt Duchene in Wiprows zone.
18:05 of 2nd period - Minor Penalty to Brandon Bollig for Slashing.
18:06 of 2nd period - Matt Duchene wins face-off versus Joshua Bailey in Wiprows zone.
18:07 of 2nd period - Snap shot by Hnat Domenichelli.
18:07 of 2nd period - Stopped by Al Montoya with a rebound.
18:09 of 2nd period - Snap shot by Brian Pothier.
18:09 of 2nd period - Stopped by Al Montoya without a rebound.
18:10 of 2nd period - Joshua Bailey wins face-off versus Hnat Domenichelli in Wiprows zone.
18:43 of 2nd period - Slapshot by Brian Pothier.
18:43 of 2nd period - Stopped by Al Montoya with a rebound.
18:45 of 2nd period - Wrist shot by Brayden Schenn.
18:45 of 2nd period - Shot Misses the Net.
19:19 of 2nd period - Wrist shot by Matt Frattin.
19:19 of 2nd period - Shot Misses the Net.
Goals for this period are 2 for Monarchs vs 1 for Wiprows.
Shots for this period are 11 for Monarchs vs 15 for Wiprows.
3rd period
0:01 of 3rd period - Matt Duchene wins face-off versus Joshua Bailey in neutral zone.
0:04 of 3rd period - Slapshot by Justin Schultz.
0:04 of 3rd period - Shot Misses the Net.
0:05 of 3rd period - Penalty to Brandon Bollig is over, Brandon Bollig is back on ice.
0:32 of 3rd period - Snap shot by Brock Trotter.
0:32 of 3rd period - Stopped by Al Montoya without a rebound.
0:33 of 3rd period - Nick Bonino wins face-off versus Brayden Schenn in Wiprows zone.
0:39 of 3rd period - Off-side.
0:40 of 3rd period - Matt Duchene wins face-off versus Nick Bonino in neutral zone.
1:07 of 3rd period - Snap shot by Jesse Winchester.
1:07 of 3rd period - Shot Misses the Net.
1:52 of 3rd period - Backhand shot by Jonathan Tremblay.
1:52 of 3rd period - Stopped by Peter Budaj without a rebound.
1:53 of 3rd period - Matt Duchene wins face-off versus Jesse Winchester in Monarchs zone.
2:04 of 3rd period - Snap shot by Jiri Tlusty.
2:04 of 3rd period - Deflect By Jesse Winchester.
2:04 of 3rd period - Stopped by Peter Budaj with a rebound.
2:06 of 3rd period - Slapshot by Matt Irwin.
2:06 of 3rd period - Stopped by Peter Budaj with a rebound.
2:08 of 3rd period - Snap shot by Jesse Winchester.
2:08 of 3rd period - Stopped by Peter Budaj without a rebound.
2:09 of 3rd period - Brock Trotter wins face-off versus Brandon Bollig in Monarchs zone.
2:09 of 3rd period - Brock Trotter is hit by Nick Bonino.
2:12 of 3rd period - Minor Penalty to Brayden Schenn for Slashing.
2:13 of 3rd period - Jesse Winchester wins face-off versus Hnat Domenichelli in Monarchs zone.
2:20 of 3rd period - Wrist shot by Jiri Tlusty.
2:20 of 3rd period - Goal by Jiri Tlusty - Monarchs : 5 - Wiprows : 3.
2:21 of 3rd period - Jesse Winchester wins face-off versus Matt Duchene in neutral zone.
2:46 of 3rd period - Justin Schultz is hit by Matt Irwin and loses puck.
3:05 of 3rd period - Brandon Bollig is hit by Matt Martin and loses puck.
3:17 of 3rd period - Slapshot by Frederic St-Denis.
3:17 of 3rd period - Shot Blocked by Matt Taormina.
4:02 of 3rd period - Wrist shot by Jonathan Tremblay.
4:02 of 3rd period - Shot Blocked by Kyle Wharton.
4:16 of 3rd period - Wrist shot by Matt Frattin.
4:16 of 3rd period - Deflect By Jiri Tlusty.
4:16 of 3rd period - Shot Blocked by Kyle Wharton.
4:16 of 3rd period - Puck is out of play.
4:17 of 3rd period - Jesse Winchester wins face-off versus Matt Duchene in Monarchs zone.
4:18 of 3rd period - Snap shot by Jiri Tlusty.
4:18 of 3rd period - Shot Blocked by Brian Pothier.
5:06 of 3rd period - Wrist shot by Matt Irwin.
5:06 of 3rd period - Shot Misses the Net.
5:34 of 3rd period - Off-side.
5:35 of 3rd period - Brayden Schenn wins face-off versus Jesse Winchester in neutral zone.
5:48 of 3rd period - Off-side.
5:49 of 3rd period - Matt Duchene wins face-off versus Nick Bonino in neutral zone.
6:00 of 3rd period - Snap shot by Linden Vey.
6:00 of 3rd period - Shot Misses the Net.
6:18 of 3rd period - Matt Irwin is hit by Justin Schultz and loses puck.
6:35 of 3rd period - Slapshot by Marc-André Bernier.
6:35 of 3rd period - Shot Misses the Net.
6:37 of 3rd period - Snap shot by John Moore.
6:37 of 3rd period - Shot Blocked by Arturs Kulda.
6:39 of 3rd period - Slapshot by Alec Martinez.
6:39 of 3rd period - Deflect By Joshua Bailey.
6:39 of 3rd period - Stopped by Al Montoya without a rebound.
6:40 of 3rd period - Drayson Bowman wins face-off versus Hnat Domenichelli in Wiprows zone.
6:40 of 3rd period - Drayson Bowman is hit by Hnat Domenichelli.
6:58 of 3rd period - Slapshot by Matt Taormina.
6:58 of 3rd period - Shot Blocked by Alec Martinez.
7:00 of 3rd period - Snap shot by Pavel Brendl.
7:00 of 3rd period - Stopped by Peter Budaj without a rebound.
7:01 of 3rd period - Jesse Winchester wins face-off versus Brayden Schenn in Monarchs zone.
7:26 of 3rd period - Justin Schultz is hit by Matt Irwin and loses puck.
7:33 of 3rd period - Snap shot by Joshua Bailey.
7:33 of 3rd period - Shot Misses the Net.
7:35 of 3rd period - Slapshot by Joshua Bailey.
7:35 of 3rd period - Shot Misses the Net.
7:37 of 3rd period - Snap shot by Joshua Bailey.
7:37 of 3rd period - Goal by Joshua Bailey - Monarchs : 5 - Wiprows : 4.
7:38 of 3rd period - Jesse Winchester wins face-off versus Brian Gionta in neutral zone.
7:41 of 3rd period - Snap shot by Jesse Winchester.
7:41 of 3rd period - Stopped by Peter Budaj without a rebound.
7:42 of 3rd period - Matt Duchene wins face-off versus Jesse Winchester in Monarchs zone.
7:42 of 3rd period - Matt Duchene is hit by Matt Taormina.
7:50 of 3rd period - Wrist shot by Matt Duchene.
7:50 of 3rd period - Stopped by Al Montoya with a rebound.
7:52 of 3rd period - Snap shot by Hnat Domenichelli.
7:52 of 3rd period - Stopped by Al Montoya without a rebound.
7:53 of 3rd period - Jesse Winchester wins face-off versus Matt Duchene in Wiprows zone.
7:55 of 3rd period - Minor Penalty to Matt Frattin for Hooking.
7:56 of 3rd period - Matt Duchene wins face-off versus Joshua Bailey in Wiprows zone.
8:12 of 3rd period - Slapshot by Justin Schultz.
8:12 of 3rd period - Shot Blocked by Arturs Kulda.
9:45 of 3rd period - Icing by Hnat Domenichelli.
9:46 of 3rd period - Matt Duchene wins face-off versus Dana Tyrell in Monarchs zone.
9:55 of 3rd period - Penalty to Matt Frattin is over, Matt Frattin is back on ice.
9:57 of 3rd period - Slapshot by Matt Taormina.
9:57 of 3rd period - Stopped by Peter Budaj with a rebound.
10:09 of 3rd period - Slapshot by Matt Frattin.
10:09 of 3rd period - Stopped by Peter Budaj with a rebound.
10:11 of 3rd period - Slapshot by Arturs Kulda.
10:11 of 3rd period - Shot Blocked by Justin Schultz.
10:17 of 3rd period - Backhand shot by Joshua Bailey.
10:17 of 3rd period - Shot Misses the Net.
10:27 of 3rd period - Snap shot by Matt Frattin.
10:27 of 3rd period - Stopped by Peter Budaj without a rebound.
10:28 of 3rd period - Nick Bonino wins face-off versus Brayden Schenn in Monarchs zone.
10:29 of 3rd period - Slapshot by Thomas Hickey.
10:29 of 3rd period - Stopped by Peter Budaj without a rebound.
10:30 of 3rd period - Brayden Schenn wins face-off versus Nick Bonino in Monarchs zone.
10:30 of 3rd period - Brayden Schenn is hit by Linden Vey.
10:38 of 3rd period - Slapshot by Alec Martinez.
10:38 of 3rd period - Deflect By Brock Trotter.
10:38 of 3rd period - Stopped by Al Montoya with a rebound.
10:40 of 3rd period - Slapshot by Alec Martinez.
10:40 of 3rd period - Stopped by Al Montoya without a rebound.
10:41 of 3rd period - Nick Bonino wins face-off versus Matt Duchene in Wiprows zone.
10:41 of 3rd period - Nick Bonino is hit by Matt Duchene.
10:50 of 3rd period - Off-side.
10:51 of 3rd period - Nick Bonino wins face-off versus Matt Duchene in neutral zone.
11:04 of 3rd period - Snap shot by Nick Bonino.
11:04 of 3rd period - Shot Misses the Net.
11:06 of 3rd period - Snap shot by Matt Irwin.
11:06 of 3rd period - Stopped by Peter Budaj without a rebound.
11:07 of 3rd period - Brayden Schenn wins face-off versus Jiri Tlusty in Monarchs zone.
11:07 of 3rd period - Brayden Schenn is hit by Kevin Connauton.
11:16 of 3rd period - Minor Penalty to David Clarkson for Hooking.
11:17 of 3rd period - Jesse Winchester wins face-off versus Hnat Domenichelli in Monarchs zone.
11:18 of 3rd period - Wrist shot by Jiri Tlusty.
11:18 of 3rd period - Shot Blocked by Justin Schultz.
11:20 of 3rd period - Minor Penalty to Hnat Domenichelli for Tripping.
11:21 of 3rd period - Jesse Winchester wins face-off versus Matt Martin in Monarchs zone.
11:26 of 3rd period - Slapshot by Jiri Tlusty.
11:26 of 3rd period - Shot Misses the Net.
11:30 of 3rd period - Slapshot by Jesse Winchester.
11:30 of 3rd period - Shot Misses the Net.
11:32 of 3rd period - Slapshot by Matt Taormina.
11:32 of 3rd period - Stopped by Peter Budaj with a rebound.
11:34 of 3rd period - Snap shot by Jesse Winchester.
11:34 of 3rd period - Shot Misses the Net.
12:31 of 3rd period - Justin Schultz is hit by Jesse Winchester and loses puck.
13:16 of 3rd period - Penalty to David Clarkson is over, David Clarkson is back on ice.
13:20 of 3rd period - Penalty to Hnat Domenichelli is over, Hnat Domenichelli is back on ice.
13:20 of 3rd period - Slapshot by Matt Irwin.
13:20 of 3rd period - Shot Blocked by John Moore.
13:42 of 3rd period - Hnat Domenichelli is hit by Drayson Bowman and loses puck.
13:55 of 3rd period - Thomas Hickey is hit by Kyle Wharton.
14:06 of 3rd period - Minor Penalty to Frederic St-Denis for Hooking.
14:07 of 3rd period - Hnat Domenichelli wins face-off versus Jesse Winchester in Monarchs zone.
14:55 of 3rd period - Hnat Domenichelli is hit by Jiri Tlusty and loses puck.
16:06 of 3rd period - Penalty to Frederic St-Denis is over, Frederic St-Denis is back on ice.
16:14 of 3rd period - Slapshot by Alec Martinez.
16:14 of 3rd period - Deflect By Marc-André Bernier.
16:14 of 3rd period - Shot Misses the Net.
16:14 of 3rd period - Puck is out of play.
16:15 of 3rd period - Tommy Wingels wins face-off versus Dana Tyrell in Wiprows zone.
16:27 of 3rd period - Minor Penalty to Jordan Szwarz for Holding.
16:28 of 3rd period - Matt Duchene wins face-off versus Joshua Bailey in Wiprows zone.
16:31 of 3rd period - Minor Penalty to Justin Schultz for Interference.
16:32 of 3rd period - Jesse Winchester wins face-off versus Hnat Domenichelli in Monarchs zone.
16:34 of 3rd period - Slapshot by Jesse Winchester.
16:34 of 3rd period - Stopped by Peter Budaj without a rebound.
16:35 of 3rd period - Hnat Domenichelli wins face-off versus Jesse Winchester in Monarchs zone.
16:48 of 3rd period - Snap shot by Hnat Domenichelli.
16:48 of 3rd period - Deflect By Brian Gionta.
16:48 of 3rd period - Stopped by Al Montoya without a rebound.
16:49 of 3rd period - Hnat Domenichelli wins face-off versus Jesse Winchester in Wiprows zone.
16:52 of 3rd period - Slapshot by Hnat Domenichelli.
16:52 of 3rd period - Stopped by Al Montoya with a rebound.
17:20 of 3rd period - Brian Gionta is hit by Jesse Winchester and loses puck.
17:39 of 3rd period - Snap shot by David Clarkson.
17:39 of 3rd period - Deflect By Matt Duchene.
17:39 of 3rd period - Stopped by Al Montoya with a rebound.
18:11 of 3rd period - Kevin Connauton is hit by Dwight King and loses puck.
18:27 of 3rd period - Penalty to Jordan Szwarz is over, Jordan Szwarz is back on ice.
18:31 of 3rd period - Penalty to Justin Schultz is over, Justin Schultz is back on ice.
18:34 of 3rd period - Wiprows, Al Montoya is pulled from the net.
18:38 of 3rd period - Slapshot by Dana Tyrell.
18:38 of 3rd period - Shot Misses the Net.
18:40 of 3rd period - Slapshot by Matt Taormina.
18:40 of 3rd period - Stopped by Peter Budaj without a rebound.
18:41 of 3rd period - Nick Bonino wins face-off versus Tommy Wingels in Monarchs zone.
18:51 of 3rd period - Off-side.
18:52 of 3rd period - Andy Murray call a timeout for Wiprows.
18:52 of 3rd period - Matt Duchene wins face-off versus Jesse Winchester in neutral zone.
19:11 of 3rd period - Snap shot by Matt Duchene.
19:11 of 3rd period - Shot Misses the Net.
19:29 of 3rd period - Slapshot by Brian Gionta.
19:29 of 3rd period - Goal by Brian Gionta - Monarchs : 6 - Wiprows : 4.
19:29 of 3rd period - Al Montoya from Wiprows was sent back in the game.
19:30 of 3rd period - Joshua Bailey wins face-off versus Tommy Wingels in neutral zone.
19:33 of 3rd period - Slapshot by Matt Taormina.
19:33 of 3rd period - Deflect By Pavel Brendl.
19:33 of 3rd period - Shot Misses the Net.
19:33 of 3rd period - Puck is out of play.
19:34 of 3rd period - Tommy Wingels wins face-off versus Joshua Bailey in Monarchs zone.
19:59 of 3rd period - Slapshot by Brian Pothier.
19:59 of 3rd period - Shot Blocked by Kevin Connauton.
Goals for this period are 1 for Monarchs vs 2 for Wiprows.
Shots for this period are 10 for Monarchs vs 16 for Wiprows.
Output by the SimonT Hockey Simulator (STHS) for François Prévost -- Original Page W3C XHTML 1.0 Valid